 Dungeon Crawl Stone Soup version 0.31-a0-152-g6aa68a64a1 (webtiles) character file.

Game seed: 15518184744548049360

71 qw the Shooter (level 4, 0/38 HPs)
             Began as a Minotaur Hunter on June 8, 2023.
             Killed from afar by an orc wizard (7 damage)
             ... with a magic dart
             ... on level 3 of the Dungeon.
             The game lasted 00:00:31 (1652 turns).

qw the Shooter (Minotaur Hunter)                    Turns: 1652, Time: 00:00:31

Health: 0/38       AC:  3    Str: 16    XL:     4   Next: 5%
Magic:  3/3        EV: 12    Int:  6    God:
Gold:   139        SH:  0    Dex: 15    Spells: 3/3 levels left

rFire   . . .        Y - +4 shortbow
rCold   + . .        (shield currently unavailable)
rNeg    . . .        c - +0 leather armour
rPois   .            (helmet restricted)
rElec   .            (no cloak)
rCorr   .            (no gloves)
SInv    .            (no boots)
Will    .....        (no amulet)
Stlth   +            g - ring of protection from cold
HPRegen 0.26/turn    (no ring)
MPRegen 0.08/turn

%: no passive effects
@: no status effects
A: horns 2, retaliatory headbutt
a: no special abilities


You were on level 3 of the Dungeon.
You visited 1 branch of the dungeon, and saw 3 of its levels.

You collected 139 gold pieces.


Innate Abilities, Weirdness & Mutations

You have a pair of horns on your head.
You reflexively headbutt those who attack you in melee.


   Skills:
 + Level 3.0 Fighting
 - Level 6.0 Ranged Weapons
 - Level 2.1 Dodging
 - Level 0.7 Stealth


You had 3 spell levels left.
You didn't know any spells.
Your spell library was empty.

Inventory:

Hand Weapons
 Y - a +4 shortbow (weapon)
Armour
 c - a +0 leather armour (worn)
 k - a +0 pair of gloves
Jewellery
 d - a +4 ring of protection
 g - a ring of protection from cold (left hand)
Scrolls
 a - a scroll of blinking {unknown}
 e - a scroll of identify
 h - a scroll of teleportation
Potions
 b - a potion of enlightenment {unknown}
 f - a potion of curing {unknown}
 i - a potion of degeneration {unknown}
 j - a potion of attraction {unknown}

Dungeon Overview and Level Annotations

Branches:
Dungeon (3/15)

Altars:


Message History

You shoot an arrow.
Something hits you. x2; Something freezes you.
You shoot an arrow. Something hits you.
You shoot an arrow. Something hits you. Something freezes you.
You shoot an arrow. Something hits you but does no damage.
You shoot an arrow. Something hits you.
You shoot an arrow. Something hits you. Something freezes you.
You shoot an arrow. Something hits you.
You shoot an arrow.
You hear some strange, mumbled words.
Something tries to affect you, but you resist.
You shoot an arrow. Something hits you but does no damage. Something hits you.
You shoot an arrow. Something hits you.
You shoot an arrow. Something hits you.
You shoot an arrow. Something hits you.
You shoot an arrow. Something hits you.
You shoot an arrow. Something hits you.
You shoot an arrow. Something hits you. Something freezes you.
You shoot an arrow. Something hits you.
You shoot an arrow. Something hits you but does no damage.
You shoot an arrow.
You hear some strange, mumbled words.
A magic dart appears from out of thin air!
The magic dart hits you!
You die...

#..# #.# #####
#########.### #.#
..... ............#
#.# #####
###.......# #.# #.#
##......# #.# #.#
#.#.#
#......###.###.#
.....
#......##..#....
.....
###...###.##.#.#
..... #.#@#...##.#.#
..... #.#{..###..#.#
.....
#.#.......#..##.)...
#.##..#####.#)......
#.#...........#.....
......#####%########
...##..# #.# #..
#.## ... #. #.# ....


There were no monsters in sight!

Vanquished Creatures
  An iguana (D:3)
  An adder (D:3)
  A dart slug (D:2)
  2 orcs (D:3)
  2 endoplasms (D:3)
  3 giant cockroaches (D:2)
  3 goblins
  3 hobgoblins
  2 jackals (D:3)
  A quokka (D:2)
  8 ball pythons
  2 kobolds
  4 rats
33 creatures vanquished.

Notes
Turn   | Place    | Note
-------+----------+-------------------------------------------
     0 | D:1      | qw the Minotaur Hunter began the quest for the Orb.
     0 | D:1      | Reached XP level 1. HP: 18/18 MP: 0/0
     0 | D:1      | 0 ||| qw: Version: 0.2-a-120-gdf1a93b
     0 | D:1      | 0 ||| qw: Game counter: 3153
     0 | D:1      | 0 ||| qw: Always use a shield: true
     0 | D:1      | 0 ||| qw: God list: Okawaru
     0 | D:1      | 0 ||| qw: Allow faded altars: false
     0 | D:1      | 0 ||| qw: Do Orc after D:15 true
     0 | D:1      | 0 ||| qw: Do second Lair branch before Depths: true
     0 | D:1      | 0 ||| qw: Lair rune preference: random
     0 | D:1      | 0 ||| qw: Plans: Normal
     0 | D:1      | 0 ||| PLANNING D:1-11
   272 | D:1      | Reached XP level 2. HP: 25/25 MP: 1/1
   444 | D:1      | 444 ||| UPGRADING to ring of protection from cold.
   445 | D:1      | 445 ||| READING scroll labelled LODINI WOE.
   450 | D:1      | 450 ||| READING scroll labelled JUXIARIROL.
   451 | D:1      | 451 ||| READING 4 scrolls labelled ODGHOE BEJOLOC.
   452 | D:1      | 452 ||| READING 3 scrolls of enchant weapon.
   452 | D:1      | 452 ||| ENCHANTING +1 shortbow.
   453 | D:1      | 453 ||| READING 2 scrolls of enchant weapon.
   453 | D:1      | 453 ||| ENCHANTING +2 shortbow.
   454 | D:1      | 454 ||| READING scroll of enchant weapon.
   454 | D:1      | 454 ||| ENCHANTING +3 shortbow.
   455 | D:1      | 455 ||| READING scroll labelled VATAUSK SIVIMY.
   456 | D:1      | 456 ||| DROPPING scroll of butterflies.
   731 | D:2      | Reached skill level 5 in Ranged Weapons
  1079 | D:2      | Reached skill level 3 in Fighting
  1368 | D:2      | 1368 ||| READING scroll labelled TIOCVU VUUNG.
  1369 | D:2      | 1369 ||| READING scroll labelled CEPLOUSAZOH.
  1370 | D:2      | 1370 ||| READING scroll labelled PUIL ESCHUMIUT.
  1371 | D:2      | 1371 ||| READING scroll labelled YHUCSIREATS.
  1372 | D:2      | 1372 ||| READING scroll labelled SOIZXE FUKHUV.
  1494 | D:3      | Reached XP level 3. HP: 31/31 MP: 2/2
  1608 | D:3      | Reached XP level 4. HP: 38/38 MP: 3/3
  1612 | D:3      | Reached skill level 6 in Ranged Weapons
  1614 | D:3      | 1614 ||| FLEEEEING.
  1615 | D:3      | 1615 ||| FLEEEEING.
  1649 | D:3      | HP: 9/38 [something (3)]
  1652 | D:3      | Killed from afar by an orc wizard

Levels and vault maps discovered:
D:1:      wander_arrival_lonely_grave, layout_rooms, roderic_serpentine_path
D:2:      layout_basic, nrook_mini_vaults, chequers_decorated_corner
D:3:      layout_rooms, mainiacjoe_overflow_six_doors_small, uniq_natasha

Skill      XL: |  1  2  3  4 |
---------------+-------------+-----
Ranged Weapons | 5 6 |  6.0
Fighting       | 3 |  3.0
Dodging        | |  2.1
Stealth        | |  0.7

Action                     |  1- 3 |  4- 6 || total
---------------------------+-------+-------++-------
   Fire: Shortbow          |    57 |    25 ||    82
    Use: Scroll            |    12 |       ||    12
 Armour: Leather armour    |     2 |     3 ||     5
  Dodge: Dodged            |     2 |       ||     2

Table legend:
 A = Non-vault XP
 B = Vault XP
 C = Vault XP percentage of total XP
 D = Non-vault monster count
 E = Vault monster count
 F = Vault count percentage of total count
                 A         B        C        D         E       F
            +---------+---------+-------+---------+---------+-------
      Total |     102 |       0 |   0.0 |      33 |       0 |   0.0
            +---------+---------+-------+---------+---------+-------
        D:1 |      13 |       0 |   0.0 |      10 |       0 |   0.0
        D:2 |      20 |       0 |   0.0 |      11 |       0 |   0.0
        D:3 |      69 |       0 |   0.0 |      12 |       0 |   0.0
            +---------+---------+-------+---------+---------+-------
